 Dungeon Crawl Stone Soup version 0.26-a0-660-gc07710193c (webtiles) character file.

Game seed: 1623726525763011536

25 halkony2012 the Ruffian (level 3, -12/31 HPs)
             Began as a Ghoul Monk on Oct 5, 2020.
             Killed from afar by Natasha (29 damage)
             ... with an exploding inner flame
             ... hexed by the player character
             ... on level 2 of the Dungeon.
             The game lasted 00:02:24 (758 turns).

halkony2012 the Ruffian (Ghoul Monk)                 Turns: 758, Time: 00:02:33

Health: -12/31     AC:  2    Str: 14    XL:     3   Next: 4%
Magic:  2/2        EV: 13    Int:  5    God:
Gold:   77         SH:  0    Dex: 12    Spells: 2/2 levels left

rFire    . . .     SeeInvis .     - Unarmed
rCold    + . .     Faith    .   (no shield)
rNeg     + + +     Spirit   .   a - +0 robe
rPois    ∞         Reflect  .   (no helmet)
rElec    .         Harm     .   (no cloak)
rCorr    .         Rampage  .   (no gloves)
MR       .....                  (no boots)
Stlth    ++........             (no amulet)
HPRegen  0.00/turn              (no ring)
MPRegen  0.08/turn              (no ring)

@: flying
A: rotting body, claws 1, cold resistance 1, negative energy resistance 3,
inhibited regeneration, torment resistance, unbreathing
a: no special abilities


You were on level 2 of the Dungeon.
You visited 1 branch of the dungeon, and saw 2 of its levels.

You collected 77 gold pieces.

Inventory:

Missiles
 d - 62 stones (quivered)
Armour
 a - a +0 robe (worn)
Scrolls
 e - a scroll of teleportation {unknown}
 f - a scroll of enchant armour {unknown}


   Skills:
 - Level 3.5 Fighting
 - Level 2.6 Dodging
 - Level 2.2 Stealth
 * Level 4.3 Unarmed Combat


You had 2 spell levels left.
You didn't know any spells.
Your spell library was empty.

Dungeon Overview and Level Annotations

Branches:
Dungeon (2/15)

Altars:


Innate Abilities, Weirdness & Mutations

Your body is rotting away.
You thrive by killing the living.
You are immune to poison.
You have sharp fingernails.
Your flesh is cold resistant. (rC+)
You are immune to negative energy. (rN+++)
You do not regenerate when monsters are visible.
You are immune to unholy pain and torment.
You can survive without breathing.


Message History

Natasha is lightly wounded.
The shadow imp lashes its tail.
Natasha stares at you and mumbles some strange words.
The magic dart hits you.
You barely miss Natasha.
Natasha is lightly wounded.
Natasha closely misses you.
As you read the scroll labeled WINOOG ZUSAIZ, it crumbles to dust.
The creatures around you are filled with an inner flame!
It was a scroll of immolation.
Natasha closely misses you.
It was a potion of flight.
You feel very buoyant.
You fly up into the air.
Natasha misses you.
You claw Natasha!
Flame seeps out of Natasha.
Natasha is heavily wounded.
Natasha is engulfed in blazing flames.
Natasha explodes!
The fiery explosion engulfs you!!
Ouch! That really hurt!
You die...

#8...8# ....# ##...####
####.#.#
##...##8###8##.#.#
...............#.#
...............#.# #
...............#.##.#.##
##...##8###8#...........
##...#### ####.#.##.#.#
#8...8# #.#@# ##...##
#.#○# #...# #.#r###.#
#...# #.#5....# 8...8
#.#)##...# #...## #...?
.## ...... .. ....... ..
......... #


You could see a shadow imp (summoned, inner flame) and a rat (inner flame).

Vanquished Creatures
  A dart slug (D:1)
  A leopard gecko (D:1)
  5 bats
  4 hobgoblins
  A ball python (D:2)
  A frilled lizard (D:1)
  4 goblins
  2 kobolds (D:1)
  2 rats
21 creatures vanquished.

Notes
Turn   | Place    | Note
-------+----------+-------------------------------------------
     0 | D:1      | halkony2012 the Ghoul Monk began the quest for the Orb.
     0 | D:1      | Reached XP level 1. HP: 19/19 MP: 0/0
    57 | D:1      | Reached XP level 2. HP: 26/26 MP: 1/1
   567 | D:2      | Reached skill level 4 in Unarmed Combat
   741 | D:2      | Noticed Natasha
   746 | D:2      | Reached XP level 3. HP: 30/31 MP: 2/2
   758 | D:2      | Killed Natasha
   758 | D:2      | Killed from afar by Natasha

Illustrated notes

Levels and vault maps discovered:
D:1:      eino_arrival_water_star, layout_basic, grunt_decor_mini_mirrors
D:2:      layout_basic, riverfiend_overflow_shadow_ancestor,
          grunt_temple_overflow_open, serial_corexii_hall,
          chequers_hall_statues_corner_a, corexii_hall_statues_i,
          corexii_hall_statues_x, patterned_corridor, uniq_natasha

Skill      XL: |  1  2 |
---------------+-------+-----
Unarmed Combat | 4 |  4.3
Fighting       | |  3.5
Dodging        | |  2.6
Stealth        | |  2.2

Action                   || total
-------------------------++-------
Melee: Unarmed           ||    55
  Use: Scroll            ||     1
       Potion            ||     1
 Stab: Sleeping          ||     2
Armor: Robe              ||    16
Dodge: Dodged            ||    38

Table legend: (Time is in decaauts)
 A = Elapsed time spent in this place.
 B = Non-inter-level travel time spent in this place.
 C = Inter-level travel time spent in this place.
 D = Time resting spent in this place.
 E = Time spent auto-exploring this place.
 F = Levels seen in this place.
 G = Mean time per level.
                   A        B        C        D        E       F      G
               +--------+--------+--------+--------+--------+-----+--------+
         Total |    755 |    720 |     35 |      0 |    576 |   2 |  377.5 |
       Dungeon |    755 |    720 |     35 |      0 |    576 |   2 |  377.5 |
               +--------+--------+--------+--------+--------+-----+--------+

Top non-repeatable levels by time:
     D:1: 550 daAuts
     D:2: 205 daAuts
